 Dungeon Crawl Stone Soup version 0.31-a0-1447-g87ca8d402b (console) character file.

Game seed: 14629731490280855409

14858 jejorda2 the Cleaver (level 12, -1/145 HPs)
             Began as a Gnoll Berserker on Dec 27, 2023.
             Was an Elder of Trog.
             Killed by divine providence
             ... invoked by a meliai
              (13 damage)
             ... on level 11 of the Dungeon.
             The game lasted 00:28:26 (10683 turns).

jejorda2 the Cleaver (Gnoll Berserker)             Turns: 10683, Time: 00:28:27

Health: -1/145     AC: 18    Str: 22    XL:     12   Next: 20%
Magic:  23/23      EV: 14    Int:  7    God:    Trog [****..]
Gold:   2055       SH:  5    Dex: 11    Spells: 25/25 levels left

rFire   + . .        a - +0 battleaxe
rCold   . . .        (shield currently unavailable)
rNeg    + . .        v - +0 plate armour
rPois   .            d - +1 helmet of Articulation {Fly rElec rF+}
rElec   +            y - +1 cloak
rCorr   .            (no gloves)
SInv    .            (no boots)
Will    ++...        p - amulet of reflection Stlth
                     f - ring of positive energy
HPRegen 1.44/turn    m - +5 ring of evasion
MPRegen 0.18/turn

%: reflection
@: berserking, lethally poisoned (-1 -> -3), strong-willed, flying,
regenerating, very quick
A: fangs 1, strong nose, distributed training
a: Renounce Religion, Berserk, Trog's Hand, Brothers in Arms


You were on level 11 of the Dungeon.
You worshipped Trog.
Trog was greatly pleased with you.
You visited 1 branch of the dungeon, and saw 11 of its levels.
You also visited: Bailey.

You collected 2055 gold pieces.

Inventory:

Hand Weapons
 a - a +0 battleaxe (weapon)
 b - a +0 dire flail of holy wrath
 r - the +8 sling "Utoilot" {antimagic, rPois Stlth+}
   (You found it on level 9 of the Dungeon)

   rPois:     It protects you from poison Stlth+: It makes you more stealthy.
Missiles
 n - 2 curare-tipped darts
 s - 37 boomerangs (quivered)
 t - 12 poisoned darts
 z - 4 atropa-tipped darts
 B - 3 throwing nets
 I - 3 darts of dispersal
Armour
 d - the +1 helmet of Articulation (worn) {Fly rElec rF+}
   (You found it on level 7 of the Dungeon)

   rF+:       It protects you from fire.
   rElec:     It insulates you from electricity.
   Fly:       It grants you flight.
 v - a +0 plate armour (worn)
 y - a +1 cloak (worn)
Jewellery
 f - a ring of positive energy (left hand)
 m - a +5 ring of evasion (right hand)
 p - an amulet of reflection (around neck)
 F - a ring of resist corrosion
 G - a ring of ice
Wands
 c - a wand of roots (14)
 o - a wand of paralysis (11)
 q - a wand of mindburst (13)
 x - a wand of polymorph (7)
 C - a wand of flame (28)
Scrolls
 h - a scroll of enchant weapon
 i - 8 scrolls of teleportation
 k - a scroll of immolation
 w - a scroll of fear
 E - a scroll of poison
 K - 2 scrolls of fog
Potions
 e - 4 potions of heal wounds
 g - 4 potions of curing
 j - a potion of cancellation
 l - 5 potions of might
 u - a potion of ambrosia
 A - 4 potions of enlightenment
 D - a potion of lignification
 H - a potion of magic {unknown}


   Skills:
 + Level 9.9 Fighting
 + Level 7.3 Short Blades
 + Level 7.3 Long Blades
 + Level 9.9 Axes
 + Level 7.3 Maces & Flails
 + Level 7.3 Polearms
 + Level 7.3 Staves
 + Level 7.3 Ranged Weapons
 + Level 7.3 Throwing
 + Level 8.7 Armour
 + Level 8.7 Dodging
 + Level 7.3 Stealth
 + Level 7.3 Shields
 + Level 7.3 Unarmed Combat
 + Level 7.3 Spellcasting
 + Level 6.1 Conjurations
 + Level 6.1 Hexes
 + Level 6.1 Summonings
 + Level 6.1 Necromancy
 + Level 6.1 Translocations
 + Level 6.1 Fire Magic
 + Level 6.1 Ice Magic
 + Level 6.1 Air Magic
 + Level 6.1 Earth Magic
 + Level 6.1 Alchemy
 + Level 8.0 Invocations
 + Level 7.3 Evocations
 + Level 6.7 Shapeshifting


You had 25 spell levels left.
You didn't know any spells.
Your spell library was empty.

Dungeon Overview and Level Annotations

Branches:
Dungeon (11/15)            Temple (0/1) D:6            Lair (0/5) D:8
 Bailey (visited)
    Orc: D:9-12

Altars:
Cheibriados
Dithmenos
Fedhas
Gozag
Hepliaklqana
Kikubaaqudgha
Makhleb
Sif Muna
Trog
Uskayaw
Vehumet
Wu Jian
The Shining One

Annotations:
D:9 2 transporters, odbg100's ghost, journeyman HOFi


Innate Abilities, Weirdness & Mutations

You have very sharp teeth.
Your uncanny sense of smell can sniff out nearby items.
Your experience applies equally to all skills.


Message History

The meliai calls upon its god to heal the meliai.
The meliai's wounds heal themselves!
The meliai calls down the wrath of its god upon you.
Something smites you! The meliai barely misses you.
You block the meliai's attack.
Unknown command.
A red film seems to cover your vision as you go berserk!
You feel yourself moving faster!
You feel mighty!
You feel very sick.
The meliai calls down the wrath of its god upon you.
Something smites you! The meliai hits you with a +0 war axe!
* * * LOW HITPOINT WARNING * * *
The meliai barely misses you. The meliai hits you but does no damage.
The meliai closely misses you. You block the meliai's attack.
The meliai stings you but does no damage.
The meliai misses you.
The meliai stings you but does no damage.
The meliai hits you with a +0 hand axe!
* * * LOW HITPOINT WARNING * * *
The meliai closely misses you.
You closely miss the meliai. You slice the meliai!! You slash the meliai!
You feel very sick. The meliai hits you but does no damage.
The meliai stings you but does no damage.
You block the meliai's attack. The meliai closely misses you.
The meliai hits you with a +0 hand axe.
* * * LOW HITPOINT WARNING * * *
The meliai stings you but does no damage.
You hit the meliai. You bite the meliai, but do no damage.
The meliai is almost dead.
You closely miss the meliai. x2; You feel sick.
The meliai barely misses you. You block the meliai's attack.
The meliai closely misses you. x2
The meliai mumbles some strange prayers to its god against you.
Something smites you!
* * * LOW HITPOINT WARNING * * *
The meliai barely misses you.
The meliai stings you but does no damage.
The meliai invokes the aid of its god against you.
Something smites you!
You die...

........##....###..###
.###.#.###......#.)..# .#
#.#.##.......#.##.###
.###.#.....###....##...#
.....###...###..######.#
.....# ##.........####..9
.....# #......>............
....###..........##.####.....
....###........y@# # .....
(............(..yy...... ....
....###.........>....... ....
.#.##..............C.###
.#....#.........###...#
.#..##..........# #...#
................. ....
....... ........ ... ......#
..H


You could see a cyclops and 3 meliai.

Vanquished Creatures
  2 two-headed ogres (D:10)
  An orc knight (D:11)
  A cyclops (D:7)
  2 manticores (D:11)
  A gargoyle (D:11)
  Jeremiah (D:8)
  2 trolls
  A hornet (D:11)
  4 shadows
  2 vampires (D:9)
  Eustachio (D:5)
  33 yaks
  Menkaure (D:5)
  3 vampire mosquitoes (D:7)
  3 steam dragons
  An acid dragon (D:11)
  A water moccasin (D:6)
  15 orc warriors
  A black bear (D:7)
  An ogre (D:6)
  2 ice beasts
  4 centaurs
  2 phantoms
  A kobold brigand (D:11)
  A gnoll sergeant (D:9)
  3 scorpions
  5 wights (D:7)
  11 killer bees
  4 howler monkeys
  A bombardier beetle (D:3)
  2 jellies
  Crazy Yiuf (D:5)
  3 orc priests
  3 hounds
  A gnoll bouda (D:5)
  A sleepcap (D:4)
  3 iguanas
  3 orc wizards
  Robin (D:4)
  12 gnolls
  10 adders
  A white imp (D:8)
  A worm (D:2)
  A dart slug (D:2)
  37 orcs
  7 bats
  4 endoplasms
  4 giant cockroaches
  25 goblins
  11 hobgoblins
  4 jackals
  8 quokkas
  7 ball pythons
  4 frilled lizards
  20 kobolds
  5 rats
290 creatures vanquished.

Vanquished Creatures (others)
  A killer bee (D:8)
1 creature vanquished.

Grand Total: 291 creatures vanquished

Notes
Turn   | Place    | Note
-------+----------+-------------------------------------------
     0 | D:1      | jejorda2 the Gnoll Berserker began the quest for the Orb.
     0 | D:1      | Reached XP level 1. HP: 23/23 MP: 1/1
    40 | D:1      | Reached XP level 2. HP: 17/29 MP: 2/2
   332 | D:1      | Reached ** piety under Trog
   392 | D:1      | Reached XP level 3. HP: 33/35 MP: 3/3
   805 | D:2      | Reached skill level 1 in Invocations
   894 | D:2      | Reached skill level 1 in Short Blades
   894 | D:2      | Reached skill level 1 in Long Blades
   894 | D:2      | Reached skill level 1 in Maces & Flails
   894 | D:2      | Reached skill level 1 in Polearms
   894 | D:2      | Reached skill level 1 in Staves
   894 | D:2      | Reached skill level 1 in Ranged Weapons
   894 | D:2      | Reached skill level 1 in Throwing
   894 | D:2      | Reached skill level 1 in Stealth
   894 | D:2      | Reached skill level 1 in Shields
   894 | D:2      | Reached skill level 1 in Unarmed Combat
   894 | D:2      | Reached skill level 1 in Spellcasting
   894 | D:2      | Reached skill level 1 in Evocations
  1057 | D:2      | Reached skill level 1 in Shapeshifting
  1057 | D:2      | Reached XP level 4. HP: 41/41 MP: 5/5
  1307 | D:3      | Reached skill level 1 in Conjurations
  1307 | D:3      | Reached skill level 1 in Hexes
  1307 | D:3      | Reached skill level 1 in Summonings
  1307 | D:3      | Reached skill level 1 in Necromancy
  1307 | D:3      | Reached skill level 1 in Translocations
  1307 | D:3      | Reached skill level 1 in Fire Magic
  1307 | D:3      | Reached skill level 1 in Ice Magic
  1307 | D:3      | Reached skill level 1 in Air Magic
  1307 | D:3      | Reached skill level 1 in Earth Magic
  1307 | D:3      | Reached skill level 1 in Alchemy
  1412 | D:3      | Reached XP level 5. HP: 47/47 MP: 5/7
  1684 | D:3      | Reached *** piety under Trog
  2037 | D:4      | Reached XP level 6. HP: 52/53 MP: 8/8
  2079 | D:4      | Reached skill level 5 in Armour
  2079 | D:4      | Reached skill level 5 in Dodging
  2321 | D:4      | Found a hazy altar of Hepliaklqana.
  2359 | D:4      | Noticed Robin
  2370 | D:4      | Killed Robin
  2690 | D:4      | Found a radiant altar of Vehumet.
  2784 | D:5      | Entered Level 5 of the Dungeon
  2788 | D:5      | Reached XP level 7. HP: 60/60 MP: 10/10
  2845 | D:5      | Noticed Menkaure
  3140 | D:5      | Found a runed translucent door.
  3140 | D:5      | Noticed Eustachio
  3169 | D:5      | Killed Eustachio
  3171 | D:5      | Noticed Crazy Yiuf
  3177 | D:5      | Killed Crazy Yiuf
  3292 | D:5      | Killed Menkaure
  3454 | D:5      | Reached XP level 8. HP: 67/67 MP: 12/12
  3631 | D:6      | Found an ancient bone altar of Kikubaaqudgha.
  3635 | D:6      | Found a blossoming altar of Fedhas.
  4176 | D:6      | Found a burning altar of Makhleb.
  4179 | D:6      | Found a snail-covered altar of Cheibriados.
  4199 | D:6      | Found a glowing golden altar of the Shining One.
  4203 | D:6      | Found a shimmering blue altar of Sif Muna.
  4220 | D:6      | Found a staircase to the Ecumenical Temple.
  4326 | D:6      | Found an ornate altar of the Wu Jian Council.
  4339 | D:6      | Found a shadowy altar of Dithmenos.
  4598 | D:7      | Identified a scroll of acquirement
  4598 | D:7      | Acquired 1261 gold pieces
  4648 | D:7      | Identified the +1 helmet of Articulation {Fly rElec rF+}
  4691 | D:7      | Reached XP level 9. HP: 73/73 MP: 14/14
  4874 | D:7      | Found a flagged portal.
  4882 | Bailey   | Entered a bailey
  4921 | Bailey   | Reached **** piety under Trog
  5416 | Bailey   | Reached skill level 5 in Invocations
  5955 | D:7      | Noticed a cyclops
  5965 | D:7      | Killed a cyclops
  5966 | D:7      | Reached skill level 5 in Short Blades
  5966 | D:7      | Reached skill level 5 in Long Blades
  5966 | D:7      | Reached skill level 5 in Maces & Flails
  5966 | D:7      | Reached skill level 5 in Polearms
  5966 | D:7      | Reached skill level 5 in Staves
  5966 | D:7      | Reached skill level 5 in Ranged Weapons
  5966 | D:7      | Reached skill level 5 in Throwing
  5966 | D:7      | Reached skill level 5 in Stealth
  5966 | D:7      | Reached skill level 5 in Shields
  5966 | D:7      | Reached skill level 5 in Unarmed Combat
  5966 | D:7      | Reached skill level 5 in Spellcasting
  5966 | D:7      | Reached skill level 5 in Evocations
  5966 | D:7      | Reached XP level 10. HP: 82/82 MP: 17/17
  6207 | D:8      | Noticed Jeremiah
  6211 | D:8      | Killed Jeremiah
  6349 | D:8      | Found an opulent altar of Gozag.
  6404 | D:8      | Found a staircase to the Lair.
  6442 | D:8      | Reached skill level 5 in Shapeshifting
  6919 | D:9      | Found a transporter.
  6938 | D:9      | Identified the +8 sling "Utoilot" {antimagic, rPois Stlth+}
  7499 | D:9      | Reached skill level 5 in Conjurations
  7499 | D:9      | Reached skill level 5 in Hexes
  7499 | D:9      | Reached skill level 5 in Summonings
  7499 | D:9      | Reached skill level 5 in Necromancy
  7499 | D:9      | Reached skill level 5 in Translocations
  7499 | D:9      | Reached skill level 5 in Fire Magic
  7499 | D:9      | Reached skill level 5 in Ice Magic
  7499 | D:9      | Reached skill level 5 in Air Magic
  7499 | D:9      | Reached skill level 5 in Earth Magic
  7499 | D:9      | Reached skill level 5 in Alchemy
  7505 | D:9      | Reached XP level 11. HP: 66/89 MP: 20/20
  7771 | D:9      | Found a transporter.
  7781 | D:9      | Noticed odbg100's ghost (journeyman HOFi)
  7781 | D:9      | Noticed a cyan ugly thing
  7786 | D:9      | Noticed a manticore
  7948 | D:9      | Found a hide-covered altar of Uskayaw.
  8504 | D:10     | Entered Level 10 of the Dungeon
  8706 | D:10     | Noticed a two-headed ogre
  8716 | D:10     | Killed a two-headed ogre
  8916 | D:10     | Noticed a two-headed ogre
  8934 | D:10     | Killed a two-headed ogre
  9547 | D:10     | Found a bloodstained altar of Trog.
  9799 | D:11     | Noticed a manticore
  9814 | D:11     | Killed a manticore
 10017 | D:11     | Reached XP level 12. HP: 35/97 MP: 22/22
 10683 | D:11     | Killed from afar by a meliai

Illustrated notes

Levels and vault maps discovered:
D:1:      erik_arrival_cave_to_civilisation [erik_arrival_cave_to_hall],
          layout_rooms
D:2:      layout_basic, serial_bayou, serial_bayou_pond_b, serial_bayou_lake_a,
          serial_bayou_shore_a, serial_bayou_lagoon_a, minmay_tetromino_t4
D:3:      layout_loops_ring, minmay_cut_off
D:4:      layout_rooms, mainiacjoe_overflow_concentric_impassable,
          nicolae_hepliaklqana_hippocampus, uniq_robin
D:5:      lemuel_ice_spiral_2, layout_basic, uniq_crazy_yiuf_cottage,
          uniq_eustachio, uniq_menkaure
D:6:      layout_basic, grunt_temple_overflow_growth_and_decay,
          nicolae_overflow_hidden_temple, nicolae_overflow_squiral,
          temple_doors_e, hex_medium
D:7:      layout_loops_ring, enter_bailey_5, minmay_small_thing
D:8:      layout_rooms, nicolae_gozag_cash_rules_everything_around_me,
          lair_entry_dummy, uniq_jeremiah
D:9:      layout_long_grid, amcnicky_altar_gilded, nzn_ghost_randoct,
          minmay_increasing_density
D:10:     layout_basic, kennysheep_mini, serial_curves, eino_curves_04,
          eino_curves_02
D:11:     layout_rooms, special_room [special_room_orc], uniq_lodul

Skill      XL: |  1  2  3  4  5  6  7  8  9 10 11 12 |
---------------+-------------------------------------+-----
Invocations    | 1 2 3 4 5 6 7 8 |  8.0
Short Blades   | 1 2 3 5 6 7 |  7.3
Long Blades    | 1 2 3 5 6 7 |  7.3
Maces & Flails | 1 2 3 5 6 7 |  7.3
Polearms       | 1 2 3 5 6 7 |  7.3
Staves         | 1 2 3 5 6 7 |  7.3
Ranged Weapons | 1 2 3 5 6 7 |  7.3
Throwing       | 1 2 3 5 6 7 |  7.3
Stealth        | 1 2 3 5 6 7 |  7.3
Shields        | 1 2 3 5 6 7 |  7.3
Unarmed Combat | 1 2 3 5 6 7 |  7.3
Spellcasting   | 1 2 3 5 6 7 |  7.3
Evocations     | 1 2 3 5 6 7 |  7.3
Shapeshifting  | 1 2 3 4 5 6 |  6.7
Conjurations   | 1 2 3 4 5 6 |  6.1
Hexes          | 1 2 3 4 5 6 |  6.1
Summonings     | 1 2 3 4 5 6 |  6.1
Necromancy     | 1 2 3 4 5 6 |  6.1
Translocations | 1 2 3 4 5 6 |  6.1
Fire Magic     | 1 2 3 4 5 6 |  6.1
Ice Magic      | 1 2 3 4 5 6 |  6.1
Air Magic      | 1 2 3 4 5 6 |  6.1
Earth Magic    | 1 2 3 4 5 6 |  6.1
Alchemy        | 1 2 3 4 5 6 |  6.1
Armour         | 5 6 7 8 |  8.7
Dodging        | 5 6 7 8 |  8.7
Fighting       | 7 8 9 |  9.9
Axes           | 7 8 9 |  9.9

Action                     |  1- 3 |  4- 6 |  7- 9 | 10-12 || total
---------------------------+-------+-------+-------+-------++-------
  Melee: Hand axe          |   111 |   172 |   286 |       ||   569
         Bite              |    10 |    21 |    45 |    42 ||   118
         Punch             |     1 |     2 |    11 |       ||    14
         Battleaxe         |       |       |    49 |   289 ||   338
         Broad axe         |       |       |    32 |       ||    32
         War axe           |       |       |    22 |       ||    22
         Dire flail        |       |       |       |    32 ||    32
  Throw: Dart              |       |     1 |     8 |       ||     9
         Boomerang         |       |       |     7 |    22 ||    29
 Invoke: Berserk           |       |     6 |    10 |    14 ||    30
         Trog's Hand       |       |     2 |     2 |     4 ||     8
    Use: Scroll            |       |       |    14 |     9 ||    23
 Armour: Animal skin       |     7 |       |       |       ||     7
         Chain mail        |    69 |    86 |   121 |       ||   276
         Plate armour      |       |       |    61 |   321 ||   382
  Dodge: Dodged            |    62 |   106 |   172 |   289 ||   629
  Block: Other             |       |    19 |    76 |    97 ||   192
         Reflection        |       |     2 |     4 |     8 ||    14

Table legend: (Time is in decaauts)
 A = Elapsed time spent in this place.
 B = Non-inter-level travel time spent in this place.
 C = Inter-level travel time spent in this place.
 D = Time resting spent in this place.
 E = Time spent auto-exploring this place.
 F = Levels seen in this place.
 G = Mean time per level.
                   A        B        C        D        E       F      G
               +--------+--------+--------+--------+--------+-----+--------+
         Total |  11027 |  10575 |    452 |   1755 |   6158 |  12 |  918.9 |
       Dungeon |  10376 |   9924 |    452 |   1557 |   6085 |  11 |  943.3 |
        Bailey |    651 |    651 |      0 |    198 |     73 |   1 |  651.0 |
               +--------+--------+--------+--------+--------+-----+--------+

Top non-repeatable levels by time:
     D:9: 1888 daAuts
    D:10: 1400 daAuts
     D:7: 1075 daAuts
     D:4: 1067 daAuts
     D:5: 834 daAuts
     D:3: 813 daAuts
     D:1: 798 daAuts
     D:6: 749 daAuts
     D:8: 687 daAuts
  Bailey: 651 daAuts
    D:11: 624 daAuts
     D:2: 437 daAuts
